 Dungeon Sprint DCSS version 0.21-a0-278-ga722497 (webtiles) character file.

2671 Kidiri the Grappler (level 9, -15/73 HPs)
             Began as a White Draconian Transmuter on Sept 20, 2017.
             Was an Elder of Wu Jian.
             Killed from afar by a deep elf mage (20 damage)
             ... with a bolt of fire
             ... in the Dungeon (Sprint VII: "The Pits").
             The game lasted 00:05:51 (1552 turns).

Kidiri the Grappler (White Draconian Transmuter)    Turns: 1552, Time: 00:05:52

Health: -15/73     AC:  7    Str: 14    XL:     9   Next: 37%
Magic:  19/23      EV: 21    Int: 17    God:    Wu Jian [****..]
Gold:   0          SH:  0    Dex: 13    Spells: 15/28 levels left

rFire    . . .     SeeInvis .     - Unarmed
rCold    + + .     Gourm    .   (shield currently unavailable)
rNeg     . . .     Faith    .   (armour unavailable)
rPois    .         Spirit   .   (helmet restricted)
rElec    .         Reflect  .   (no cloak)
rCorr    .         Harm     .   (gloves currently unavailable)
MR       .....     NoTele   +   (no boots)
Stlth    +.........             (no amulet)
HPRegen  0.22/turn              q - +3 ring of evasion
MPRegen  0.18/turn              r - +3 ring of intelligence

@: exhausted, short of breath, blade hands
A: breathe frost, unfitting armour, cold resistance 2, frail 1, cold-blooded, AC
+7
a: Breathe Frost, End Transformation, Serpent's Lash, Renounce Religion


You were in the Dungeon.
You worshipped Wu Jian.
Wu Jian was greatly pleased with you.
You were very full.
You had blades for hands.
You visited 1 branch

Inventory:

Missiles
 a - 12 arrows
Jewellery
 q - a +3 ring of evasion (left scythe-like blade)
 r - a +3 ring of intelligence (right scythe-like blade)
Scrolls
 i - a scroll of blinking
 k - 3 scrolls of remove curse
 l - 5 scrolls of amnesia
 m - a scroll of summoning
Potions
 e - 8 potions of heal wounds
 f - 4 potions of haste
 g - 4 potions of magic
 h - 3 potions of berserk rage
 j - 2 potions of invisibility
 p - 7 potions of curing
Books
 b - a book of Changes

   Spells                             Type                      Level
   a - Beastly Appendage              Transmutation                1
   b - Sticks to Snakes               Transmutation                2
   c - Spider Form                    Transmutation/Poison         3
   d - Ice Form                       Ice/Transmutation            4
   e - Blade Hands                    Transmutation                5
Comestibles
 c - 8 bread rations
 d - 4 chunks of flesh
 n - 28 fruits
 o - 7 meat rations


   Skills:
 + Level 8.4 Fighting
 * Level 10.3 Dodging
 * Level 11.3 Unarmed Combat
 * Level 10.3 Spellcasting
 + Level 7.9 Transmutations


You had 15 spell levels left.
You knew the following spells:

 Your Spells              Type           Power        Failure   Level  Hunger
a - Beastly Appendage     Tmut           #####.       10%         1    None
b - Spider Form           Tmut/Pois      ###.......   32%         3    None
c - Ice Form              Ice/Tmut       ###.....     56%         4    ###....
d - Blade Hands           Tmut           #####.....   43%         5    #####..


Dungeon Overview and Level Annotations

Branches:
Dungeon (1/1)

Altars:
Ashenzari
Cheibriados
Dithmenos
Elyvilon
Fedhas
Gozag
Hepliaklqana
Kikubaaqudgha
Makhleb
Nemelex Xobeh
Okawaru
Qazlal
Ru
Sif Muna
Trog
Uskayaw
Vehumet
Wu Jian
Xom
Yredelemnul
Zin
The Shining One
Beogh
Jiyva
Lugonu


Innate Abilities, Weirdness & Mutations

You can breathe waves of freezing cold.
You can buffet flying creatures when you breathe cold.
Your icy white scales are hard. (AC +7)
You cannot fit into any form of body armour.
Your flesh is very cold resistant. (rC++)
You are cold-blooded and may be slowed by cold attacks.
You are frail. (-10% HP)


Message History

The deep elf mage is heavily wounded.
Zoom!
You spin and attack the deep elf mage with incredible momentum.
You closely miss the deep elf mage.
The deep elf mage is heavily wounded.
ZOOOM!
Unknown command.
Press: ? - help, Shift-Dir - straight line, f - deep elf mage
Aim: a deep elf mage, wielding a dagger and wearing a ring mail (heavily wounded)
You exhale a wave of freezing cold.
The freezing breath misses the deep elf mage.
You feel somewhat less full.
The deep elf mage completely misses you.
The fire elemental closely misses you.
You spin and attack the deep elf mage.
You slash the deep elf mage!
Your tail-slap misses the deep elf mage.
The deep elf mage is severely wounded.
The deep elf mage gestures at you while chanting.
The bolt of fire hits you!
You die...

#[[##.......##...##
#+###...<...###...##+##.
.÷.##.......# ##........
...##.......###..###+###
#####.......##.)##
#..###########..+
#.############..##
#)#....#..[[###..###+###.
#+#....#..[[# ##@........
#%+....+..))# #Ee§##+##..
#+#....#..))##..§##
+.#....#..))##..##
#################


You could see a deep elf mage and a fire elemental.

Vanquished Creatures
  A two-headed ogre (D)
  A death yak (D)
  A cyclops (D)
  An efreet (D)
  A hungry ghost (D)
  2 floating eyes (D)
  2 necrophages (D)
  A wolf (D)
  A gnoll sergeant (D)
  A bullfrog (D)
  A crimson imp (D)
  A quasit (D)
  A worker ant (D)
  A mummy (D)
  An ooze (D)
  A worm (D)
  2 leopard geckos (D)
  A bat skeleton (D)
  A giant cockroach (D)
  A goblin (D)
  2 hobgoblins (D)
  A ball python (D)
  A ball python skeleton (D)
  A frilled lizard (D)
  A jackal zombie (D)
29 creatures vanquished.

Notes
Turn   | Place    | Note
-------+----------+-------------------------------------------
     0 | D        | Kidiri the Draconian Transmuter began the quest for the Orb.
     0 | D        | Reached XP level 1. HP: 16/16 MP: 3/3
    47 | D        | Found a bloodstained altar of Trog.
    47 | D        | Found a deep blue altar of Sif Muna.
    47 | D        | Found a viscous altar of Jiyva.
    47 | D        | Found a hazy altar of Hepliaklqana.
    47 | D        | Found an opulent altar of Gozag.
    48 | D        | Found a glowing golden altar of the Shining One.
    48 | D        | Found a glowing silver altar of Zin.
    48 | D        | Found a basalt altar of Yredelemnul.
    48 | D        | Found a shimmering altar of Xom.
    48 | D        | Found an ornate altar of the Wu Jian Council.
    48 | D        | Found a sacrificial altar of Ru.
    48 | D        | Found a stormy altar of Qazlal.
    48 | D        | Found an iron altar of Okawaru.
    48 | D        | Found a sparkling altar of Nemelex Xobeh.
    48 | D        | Found a burning altar of Makhleb.
    48 | D        | Found a blossoming altar of Fedhas.
    48 | D        | Found a white marble altar of Elyvilon.
    48 | D        | Found a shadowy altar of Dithmenos.
    48 | D        | Found a snail-covered altar of Cheibriados.
    50 | D        | Found a radiant altar of Vehumet.
    50 | D        | Found a corrupted altar of Lugonu.
    50 | D        | Found a roughly hewn altar of Beogh.
    51 | D        | Found a hide-covered altar of Uskayaw.
    51 | D        | Found an ancient bone altar of Kikubaaqudgha.
    51 | D        | Found a shattered altar of Ashenzari.
    57 | D        | Became a worshipper of the Wu Jian Council
    73 | D        | Noticed a floating eye
    76 | D        | Noticed a worker ant
    77 | D        | Paralysed by a floating eye for 4 turns
    90 | D        | Killed a floating eye
    90 | D        | Reached skill level 5 in Unarmed Combat
    90 | D        | Reached XP level 2. HP: 26/26 MP: 2/7
    90 | D        | Reached XP level 3. HP: 31/31 MP: 2/9
    90 | D        | Reached XP level 4. HP: 38/38 MP: 2/10
    99 | D        | Reached * piety under Wu Jian
   109 | D        | Learned a level 3 spell: Spider Form
   114 | D        | Learned a level 4 spell: Ice Form
   333 | D        | Noticed a floating eye
   337 | D        | Reached ** piety under Wu Jian
   339 | D        | Killed a floating eye
   339 | D        | Reached skill level 5 in Dodging
   339 | D        | Reached skill level 6 in Unarmed Combat
   339 | D        | Reached skill level 5 in Spellcasting
   339 | D        | Reached XP level 5. HP: 47/47 MP: 8/13
   374 | D        | Learned a level 5 spell: Blade Hands
   412 | D        | Noticed a necrophage
   425 | D        | Reached *** piety under Wu Jian
   431 | D        | Killed a necrophage
   431 | D        | Reached skill level 5 in Fighting
   431 | D        | Reached skill level 7 in Unarmed Combat
   431 | D        | Reached XP level 6. HP: 45/54 MP: 6/15
   433 | D        | Reached **** piety under Wu Jian
   433 | D        | Reached skill level 5 in Transmutations
   804 | D        | Reached skill level 8 in Unarmed Combat
   882 | D        | Noticed a cyclops
   883 | D        | Killed a cyclops
   883 | D        | Reached skill level 9 in Unarmed Combat
   883 | D        | Your scales start taking on an icy white colour.
   883 | D        | Reached XP level 7. HP: 62/62 MP: 11/18
   883 | D        | Gained mutation: Your flesh is cold resistant. (rC+) [White Draconian growth]
   931 | D        | Reached XP level 8. HP: 61/69 MP: 14/20
   932 | D        | Reached ***** piety under Wu Jian
   968 | D        | Noticed a death yak
   979 | D        | Killed a death yak
   979 | D        | Reached skill level 10 in Unarmed Combat
  1180 | D        | Gained mutation: You have sharp fingernails. [potion of mutation]
  1180 | D        | Gained mutation: You have large cloven feet. [potion of mutation]
  1181 | D        | Lost mutation: You have sharp fingernails. [potion of mutation]
  1181 | D        | Lost mutation: You have large cloven feet. [potion of mutation]
  1181 | D        | Gained mutation: You are frail. (-10% HP) [potion of mutation]
  1181 | D        | Gained mutation: Your flesh is very cold resistant. (rC++) [potion of mutation]
  1377 | D        | Noticed a two-headed ogre
  1381 | D        | Killed a two-headed ogre
  1381 | D        | Reached skill level 10 in Dodging
  1381 | D        | Reached skill level 11 in Unarmed Combat
  1381 | D        | Reached skill level 10 in Spellcasting
  1381 | D        | Reached XP level 9. HP: 37/72 MP: 17/23
  1543 | D        | Noticed a deep elf mage
  1543 | D        | Noticed an efreet
  1547 | D        | Killed an efreet
  1549 | D        | HP: 3/73 [deep elf mage/bolt of fire (44)]
  1552 | D        | Killed from afar by a deep elf mage

Vault maps used:
D:        pitsprint

Skill      XL: |  1  2  3  4  5  6  7  8 |
---------------+-------------------------+-----
Dodging        | 4 5 6 8 10 | 10.3
Fighting       | 3 4 5 6 8 |  8.4
Unarmed Combat | 5 6 7 9 11 | 11.3
Spellcasting   | 4 5 6 8 10 | 10.3
Transmutations | 3 4 6 7 |  7.9

Action                   |  1- 3 |  4- 6 |  7- 9 || total
-------------------------+-------+-------+-------++-------
Melee: Unarmed           |    10 |    72 |    35 ||   117
       Kick              |     3 |       |       ||     3
       Headbutt          |     1 |       |       ||     1
       Tailslap          |       |     2 |     5 ||     7
       Punch             |       |     2 |     1 ||     3
 Cast: Beastly Appendage |     3 |       |       ||     3
       Spider Form       |       |     4 |       ||     4
       Blade Hands       |       |     1 |     4 ||     5
       Ice Form          |       |     1 |       ||     1
Invok: Serpent's Lash    |       |     1 |     3 ||     4
       Heavenly Storm    |       |       |     1 ||     1
 Abil: Breathe Frost     |       |       |     1 ||     1
  Use: Potion            |     1 |       |     4 ||     5
 Stab: Sleeping          |       |     1 |       ||     1
  Eat: Fruit             |       |     1 |    11 ||    12
       Chunk             |       |       |     2 ||     2
Armor: Skin              |    13 |    16 |     6 ||    35
Dodge: Dodged            |     8 |    62 |    14 ||    84

Table legend:
 A = Spawn XP
 B = Non-spawn XP
 C = Spawn XP percentage of total XP
 D = Spawn monster count
 E = Non-spawn monster count
 F = Spawn count percentage of total count
 G = Total turns spent on level
                    A         B        C        D         E        F      G
               +---------+---------+-------+---------+---------+-------+---------
         Total |       0 |    3817 |   0.0 |       0 |      29 |   0.0 |  1552
               +---------+---------+-------+---------+---------+-------+---------
             D |       0 |    3817 |   0.0 |       0 |      29 |   0.0 |  1552
               +---------+---------+-------+---------+---------+-------+---------
